 Dungeon Crawl Stone Soup version 0.21.0-24-g2553a33 (webtiles) character file.

0 Monsterracer the Vexing (level 1, -2/15 HPs)
             Began as a Vampire Arcane Marksman on Jan 20, 2018.
             Slain by a hobgoblin (4 damage)
             ... on level 1 of the Dungeon.
             The game lasted 00:00:25 (48 turns).

Monsterracer the Vexing (Vampire Arcane Marksman)     Turns: 48, Time: 00:00:25

Health: -2/15      AC:  2    Str:  9    XL:     1   Next: 8%
Magic:  2/2        EV: 12    Int: 15    God:
Gold:   0          SH:  0    Dex: 14    Spells: 1/2 levels left

rFire    . . .     SeeInvis +   (no weapon)
rCold    . . .     Gourm    .   (no shield)
rNeg     + . .     Faith    .   a - +0 robe
rPois    .         Spirit   .   (no helmet)
rElec    .         Reflect  .   (no cloak)
rCorr    .         Harm     .   (no gloves)
MR       .....                  (no boots)
Stlth    +.........             (no amulet)
HPRegen  0.05/turn              (no ring)
MPRegen  0.08/turn              (no ring)

@: no status effects
A: fangs 3, see invisible, unbreathing
a: no special abilities


You were on level 1 of the Dungeon.
You were not thirsty.

You visited 1 branch of the dungeon, and saw 1 of its levels.

Inventory:

Missiles
 c - a javelin (quivered)
 d - 2 throwing nets
Armour
 a - a +0 robe (worn)
Potions
 e - 2 potions of blood
Books
 b - a book of Debilitation

   Spells                             Type                      Level
   a - Corona                         Hexes                        1
   b - Slow                           Hexes                        2
   c - Inner Flame                    Hexes/Fire                   3
   d - Portal Projectile              Hexes/Translocation          3
   e - Cause Fear                     Hexes                        4
   f - Leda's Liquefaction            Hexes/Earth                  4


   Skills:
 + Level 1.0 Fighting
 - Level 1.5 Throwing
 - Level 2.1 Dodging
 - Level 1.0 Spellcasting
 - Level 4.4 Hexes


You had one spell level left.
You knew the following spells:

 Your Spells              Type           Power        Failure   Level  Hunger
a - Corona                Hex            ##.....      4%          1    ##.....


Dungeon Overview and Level Annotations

Branches:
Dungeon (1/15)

Altars:


Innate Abilities, Weirdness & Mutations

You have razor-sharp teeth.
You have supernaturally acute eyesight. (SInv)
You can survive without breathing.


Message History

Welcome, Monsterracer the Vampire Arcane Marksman.
Will you be the one to retrieve the fabulous Orb of Zot from the depths?
Press ? for a list of commands and other information.
Found a staircase leading out of the dungeon.
There are no items here.
You open the door.
There is an open door here.
A bat comes into view.
A bat is nearby!
The bat barely misses you.
You hit the bat but do no damage. The bat closely misses you. x2
You hit the bat.
You kill the bat!
Your Fighting skill increases to level 1!
Health restored: 15 You bottle the corpse's blood.
e - 2 potions of blood (gained 1)
A hobgoblin comes into view.
A hobgoblin is nearby!
The hobgoblin shouts!
A hobgoblin is nearby!
The hobgoblin hits you.
You take 1 damage, and have 14/15 hp.
You barely miss the hobgoblin. The hobgoblin closely misses you.
You hit the hobgoblin but do no damage. The hobgoblin completely misses you.
Throwing (i - inventory. (,) - cycle):
c - 5 javelins (quivered)
Press: ? - help, Shift-Dir - straight line, f - hobgoblin
Aim: a hobgoblin You throw a javelin.
The javelin hits the hobgoblin but does no damage.
The hobgoblin misses you.
Throwing (i - inventory. (,) - cycle):
c - 4 javelins (quivered)
Press: ? - help, Shift-Dir - straight line, f/p - hobgoblin
Aim: a hobgoblin You throw a javelin.
The javelin hits the hobgoblin.
The hobgoblin is almost dead.
The hobgoblin hits you.
You take 4 damage, and have 10/15 hp.
MASSIVE DAMAGE!!
Throwing (i - inventory. (,) - cycle):
c - 3 javelins (quivered)
Press: ? - help, Shift-Dir - straight line, f/p - hobgoblin
Aim: a hobgoblin (almost dead)
You throw a javelin.
The javelin hits the hobgoblin but does no damage.
The hobgoblin is almost dead.
The hobgoblin hits you.
* * * LOW HITPOINT WARNING * * *
The hobgoblin hits you.
* * * LOW HITPOINT WARNING * * *
You take 8 damage, and have 2/15 hp.
MASSIVE DAMAGE!!
Throwing (i - inventory. (,) - cycle):
c - 2 javelins (quivered)
Press: ? - help, Shift-Dir - straight line, f/p - hobgoblin
Aim: a hobgoblin (almost dead)
You throw a javelin.
The javelin barely misses the hobgoblin.
The hobgoblin barely misses you.
You hit the hobgoblin but do no damage.
The hobgoblin is almost dead.
The hobgoblin misses you.
You closely miss the hobgoblin.
The hobgoblin is almost dead.
The hobgoblin hits you.
You die...

#.# #..#
#.# ##'##
#.# #8.8#
#.# #♣<♣#
#.# ♣♣♣ #.#
#.#
#.#########
#.....@g.(#
###.......#
#.....?.#
#.......#
#.......#
........#
.........#
..........#


You could see a hobgoblin.

Vanquished Creatures
  A bat (D:1)
1 creature vanquished.

Notes
Turn   | Place    | Note
-------+----------+-------------------------------------------
     0 | D:1      | Monsterracer the Vampire Arcane Marksman began the quest for the Orb.
     0 | D:1      | Reached XP level 1. HP: 14/14 MP: 2/2
    28 | D:1      | Reached skill level 1 in Fighting
    45 | D:1      | HP: 5/15 [hobgoblin (5)]
    45 | D:1      | HP: 2/15 [hobgoblin (3)]
    48 | D:1      | Slain by a hobgoblin

Skill      XL: |  1 |
---------------+----+-----
Fighting       | 1 |  1.0
Throwing       | |  1.5
Dodging        | |  2.1
Spellcasting   | |  1.0
Hexes          | |  4.4

Action                   || total
-------------------------++-------
Melee: Unarmed           ||     6
Throw: Javelin           ||     4
Dodge: Dodged            ||     8

Vault maps used:
D:1:      saegor_arrival_simple_b
